 Dungeon Crawl Stone Soup version 0.21.1-1-g345015f (webtiles) character file.

107 Kagorn the Skirmisher (level 4, -1/35 HPs)
             Began as a Demonspawn Berserker on June 10, 2018.
             Was a Believer of Trog.
             Slain by a gnoll
             ... wielding a +4 spear
              (8 damage)
             ... on level 3 of the Dungeon.
             The game lasted 00:12:15 (2358 turns).

Kagorn the Skirmisher (Demonspawn Berserker)        Turns: 2358, Time: 00:12:16

Health: -1/35      AC:  3    Str: 17    XL:     4   Next: 56%
Magic:  4/4        EV: 12    Int:  8    God:    Trog [**....]
Gold:   111        SH:  0    Dex: 14    Spells: 3/3 levels left

rFire    + . .     SeeInvis .   a - +0 falchion
rCold    . . .     Gourm    .   (no shield)
rNeg     . . .     Faith    .   f - +0 leather armour
rPois    .         Spirit   .   (no helmet)
rElec    .         Reflect  .   (no cloak)
rCorr    .         Harm     .   (no gloves)
MR       .....                  (no boots)
Stlth    +.........             (no amulet)
HPRegen  0.11/turn              g - ring of protection from fire
MPRegen  0.09/turn              (no ring)

@: confused
A: large bone plates 1
a: Berserk, Trog's Hand, Burn Spellbooks, Renounce Religion


You were on level 3 of the Dungeon.
You worshipped Trog.
Trog was pleased with you.
You were not hungry.

You visited 1 branch of the dungeon, and saw 3 of its levels.

You collected 111 gold pieces.

Inventory:

Hand Weapons
 a - a +0 falchion (weapon)
Missiles
 o - 4 javelins of returning (quivered)
Armour
 f - a +0 leather armour (worn)
Jewellery
 g - a ring of protection from fire (left hand)
Scrolls
 d - 7 scrolls of identify {unknown}
 h - a scroll of enchant weapon {unknown}
 i - a scroll of fear {unknown}
 j - 4 scrolls of teleportation {unknown}
 k - 2 scrolls of amnesia {unknown}
Potions
 b - a potion of haste {unknown}
 e - 2 potions of brilliance
 l - a potion of cancellation
 n - a potion of flight {unknown}
Comestibles
 c - 3 rations


   Skills:
 + Level 3.5 Fighting
 + Level 3.3 Long Blades
 + Level 2.4 Armour
 + Level 2.4 Dodging
 + Level 1.5 Stealth


You had 3 spell levels left.
You didn't know any spells.

Dungeon Overview and Level Annotations

Branches:
Dungeon (3/15)

Altars:
The Shining One


Innate Abilities, Weirdness & Mutations

You are partially covered in large bone plates. (SH +4)


Message History

Trog accepts your kill.
A worm and 2 gnolls come into view.
The gnoll shouts! x2
Items here: ) ††† a flail; an orc corpse; a goblin corpse; an adder corpse A gnoll comes into view.
It is wielding a club.
The gnoll closely misses you.
The gnoll hits you from afar with an enchanted spear.
The gnoll shouts!
You block the gnoll's attack.
The gnoll hits you from afar with an enchanted spear!
* * * LOW HITPOINT WARNING * * *
You block the gnoll's attack.
It was a potion of cancellation.
You feel magically purged. The gnoll barely misses you.
It was a potion of ambrosia.
You are confused.
You feel invigorated.
The gnoll hits you from afar with an enchanted spear!
You die...

#.#### #.# #.# #.# #.#
#.# #.# #.# #.#########
#.# #.# #.......... #.#
#.# ##..)#..#..# #.#
#.###........... #.#
#........#..#..#
#.##########...........
#.....@.ggg...#########
############.## #.# #.#
#.# #.# #.# #.#


You could see 3 gnolls.

Vanquished Creatures
  A worker ant (D:3)
  2 adders
  A shadow imp (D:3)
  An ooze (D:1)
  A worm (D:2)
  2 leopard geckos (D:2)
  An orc (D:3)
  2 giant cockroaches (D:1)
  7 goblins
  8 hobgoblins
  2 jackals (D:2)
  9 kobolds
  3 ball pythons (D:1)
  3 bats (D:1)
  A frilled lizard (D:1)
  8 rats
52 creatures vanquished.

Notes
Turn   | Place    | Note
-------+----------+-------------------------------------------
     0 | D:1      | Kagorn the Demonspawn Berserker began the quest for the Orb.
     0 | D:1      | Reached XP level 1. HP: 18/18 MP: 1/1
   418 | D:1      | Gained mutation: You are partially covered in large bone plates. (SH +4) [demonic ancestry]
   418 | D:1      | Reached XP level 2. HP: 17/24 MP: 2/2
  1111 | D:2      | Reached skill level 1 in Stealth
  1111 | D:2      | Reached XP level 3. HP: 9/29 MP: 3/3
  1577 | D:2      | Found a glowing golden altar of the Shining One.
  1799 | D:2      | Reached ** piety under Trog
  2213 | D:3      | Reached XP level 4. HP: 16/35 MP: 4/4
  2358 | D:3      | Slain by a gnoll

Skill      XL: |  1  2 |
---------------+-------+-----
Dodging        | 2 |  2.4
Armour         | 2 |  2.4
Long Blades    | 3 |  3.3
Stealth        | 1 |  1.5
Fighting       | |  3.5

Action                   |  1- 3 |  4- 6 || total
-------------------------+-------+-------++-------
Melee: Falchion          |   132 |    25 ||   157
Invok: Trog's Hand       |       |     1 ||     1
  Use: Potion            |       |     5 ||     5
  Eat: Ration            |     2 |       ||     2
Armor: Animal skin       |     2 |       ||     2
       Leather armour    |    30 |     6 ||    36
Dodge: Dodged            |    90 |    20 ||   110
Block: Other             |    22 |     6 ||    28
       Rpst.: Falchion   |    28 |     7 ||    35
